 Dungeon Crawl Stone Soup version 0.31-a0-188-g5e087ee2ca (webtiles) character file.

Game seed: 13753974569616366632

65 qw the Shooter (level 3, -15/20 HPs)
             Began as a Deep Elf Hunter on June 23, 2023.
             Demolished by Terence
             ... wielding a +4 heavy trident
              (18 damage)
             ... on level 2 of the Dungeon.
             The game lasted 00:00:32 (1179 turns).

qw the Shooter (Deep Elf Hunter)                    Turns: 1179, Time: 00:00:32

Health: -15/20     AC:  3    Str: 10    XL:     3   Next: 94%
Magic:  5/5        EV: 12    Int: 13    God:
Gold:   46         SH:  0    Dex: 18    Spells: 2/2 levels left

rFire   . . .        Y - +0 shortbow
rCold   . . .        (shield currently unavailable)
rNeg    . . .        c - +0 leather armour
rPois   +            (no helmet)
rElec   .            (no cloak)
rCorr   .            (no gloves)
SInv    .            (no boots)
Will    .....        (no amulet)
Stlth   ++           h - ring of poison resistance
HPRegen 0.23/turn    (no ring)
MPRegen 0.09/turn

%: no passive effects
@: about to teleport
A: no striking features
a: no special abilities


You were on level 2 of the Dungeon.
You visited 1 branch of the dungeon, and saw 2 of its levels.

You collected 46 gold pieces.


   Skills:
 - Level 1.5 Fighting
 + Level 7.4 Ranged Weapons
 - Level 2.4 Dodging
 - Level 1.2 Stealth


You had 2 spell levels left.
You didn't know any spells.
Your spell library was empty.

Inventory:

Hand Weapons
 Y - a +0 shortbow (weapon)
Armour
 c - a +0 leather armour (worn)
 k - a +0 helmet
 m - a +0 pair of gloves
Jewellery
 h - a ring of poison resistance (left hand)
 i - a +4 ring of slaying {mikee}
Scrolls
 g - 5 scrolls of identify
 l - a scroll of enchant weapon {unknown}
 o - a scroll of summoning {unknown}
Potions
 b - a potion of brilliance {unknown}
 d - a potion of heal wounds {unknown}
 e - a potion of degeneration {unknown}
 f - a potion of attraction {unknown}
 j - 2 potions of curing {unknown}
 n - a potion of invisibility {unknown}
 p - a potion of haste {unknown}

Dungeon Overview and Level Annotations

Branches:
Dungeon (2/15)

Altars:

Annotations:
D:2 Terence


Message History

You shoot an arrow. The arrow hits Terence.
Terence is moderately wounded.
Terence closely misses you.
You shoot an arrow. The arrow barely misses Terence.
Terence hits you from afar with a +4 heavy trident!
You shoot an arrow. The arrow hits Terence.
Terence is severely wounded.
You shoot an arrow. The arrow closely misses Terence.
Terence hits you from afar with a +4 heavy trident!
Ouch! That really hurt!
Enter note:
Enter note:
Enter note:
Enter note:
Enter note:
Enter note:
Enter note:
Enter note:
Enter note:
Enter note:
Enter note:
Enter note:
Enter note:
Enter note:
Enter note:
Enter note:
Enter note:
Enter note:
Enter note:
Enter note:
Enter note:
Enter note:
Enter note:
Enter note:
1179 ||| READING scroll of teleportation.
As you read the scroll of teleportation, it crumbles to dust.
You feel strangely unstable.
Terence hits you from afar with a +4 heavy trident!!
Ouch! That really hurt!
You die...

.......................
(..................)...
.......................
......>...............#
...................##..
...................##..
..######.......######..
# #.........#.......
#@........#.......
#..........##.......
.......@.....##.......
...............##.......
...............##)......
...............##.......
###............##.......
#............ #.......
#.......


You could see Terence.

Vanquished Creatures
  An adder (D:2)
  2 worms (D:2)
  2 dart slugs
  5 endoplasms
  A giant cockroach (D:2)
  7 goblins
  3 hobgoblins
  5 jackals
  A quokka (D:2)
  5 ball pythons
  4 bats (D:1)
  A frilled lizard (D:2)
  5 kobolds
  4 rats
46 creatures vanquished.

Notes
Turn   | Place    | Note
-------+----------+-------------------------------------------
     0 | D:1      | qw the Deep Elf Hunter began the quest for the Orb.
     0 | D:1      | Reached XP level 1. HP: 12/12 MP: 3/3
     0 | D:1      | 0 ||| qw: Version: 0.3-a-9-g12657ce
     0 | D:1      | 0 ||| qw: Game counter: 3260
     0 | D:1      | 0 ||| qw: Always use a shield: true
     0 | D:1      | 0 ||| qw: God list: Okawaru
     0 | D:1      | 0 ||| qw: Allow faded altars: false
     0 | D:1      | 0 ||| qw: Do Orc after D:15 true
     0 | D:1      | 0 ||| qw: Do second Lair branch before Depths: true
     0 | D:1      | 0 ||| qw: Lair rune preference: random
     0 | D:1      | 0 ||| qw: Plans: Normal
     0 | D:1      | 0 ||| PLANNING D:1-11
   106 | D:1      | Reached XP level 2. HP: 16/16 MP: 4/4
   113 | D:1      | Reached skill level 6 in Ranged Weapons
   525 | D:1      | Reached XP level 3. HP: 20/20 MP: 5/5
   629 | D:1      | 629 ||| UPGRADING to ring of poison resistance.
   630 | D:1      | 630 ||| READING 2 scrolls labelled NEDUF OFYM.
   633 | D:1      | 633 ||| READING 2 scrolls labelled CIGUEMP ZEONU.
   634 | D:1      | 634 ||| READING scroll labelled AKANKU WO WOT.
   635 | D:1      | 635 ||| DROPPING scroll of butterflies.
   798 | D:2      | Reached skill level 7 in Ranged Weapons
  1169 | D:2      | Noticed Terence
  1178 | D:2      | HP: 3/20 [Terence/+4 heavy trident (11)]
  1179 | D:2      | 1179 ||| READING scroll of teleportation.
  1179 | D:2      | Demolished by Terence

Levels and vault maps discovered:
D:1:      erik_arrival_triangle_small, layout_basic
D:2:      layout_basic, minmay_cupped, uniq_terence

Skill      XL: |  1  2  3 |
---------------+----------+-----
Ranged Weapons | 6 7 |  7.4
Fighting       | |  1.5
Dodging        | |  2.4
Stealth        | |  1.2

Action                     || total
---------------------------++-------
   Fire: Shortbow          ||   115
    Use: Scroll            ||     4
 Armour: Leather armour    ||     5
  Dodge: Dodged            ||    18

Table legend:
 A = Non-vault XP
 B = Vault XP
 C = Vault XP percentage of total XP
 D = Non-vault monster count
 E = Vault monster count
 F = Vault count percentage of total count
                 A         B        C        D         E       F
            +---------+---------+-------+---------+---------+-------
      Total |      87 |       7 |   7.4 |      43 |       3 |   6.5
            +---------+---------+-------+---------+---------+-------
        D:1 |      43 |       0 |   0.0 |      26 |       0 |   0.0
        D:2 |      44 |       7 |  13.7 |      17 |       3 |  15.0
            +---------+---------+-------+---------+---------+-------
